 Dungeon Crawl Stone Soup version 0.31-a0-569-g7ea453304b (webtiles) character file.

Game seed: 16090991099660868436

235 Ethylacetat the Insei (level 6, 0/42 HPs)
             Began as an Octopode Gladiator on Aug 18, 2023.
             Slain by a gnoll
             ... wielding a +0 halberd
              (12 damage)
             ... on level 3 of the Dungeon.
             The game lasted 00:03:31 (2205 turns).

Ethylacetat the Insei (Octopode Gladiator)          Turns: 2205, Time: 00:03:32

Health: 0/42       AC:  1    Str: 13    XL:     6   Next: 6%
Magic:  6/6        EV: 19    Int: 11    God:
Gold:   203        SH:  4    Dex: 15    Spells: 5/5 levels left

rFire   . .          .
                       - Unarmed
rCold   . . .        (no shield)
rNeg    . . .        a - +0 hat
rPois   .            (no amulet)
rElec   .            i - +5 ring of evasion
rCorr   .            (no ring)
SInv    .            (no ring)
Will    +....        (no ring)
Stlth   ++           (no ring)
HPRegen 0.27/turn    (no ring)
MPRegen 0.10/turn    (no ring)
                     (no ring)

%: no passive effects
@: no status effects
A: almost no armour, amphibious, 8 rings, camouflage 1, gelatinous body 1,
(nimble swimmer 1), tentacles, antennae 1, large bone plates 1, strong-willed 1,
sense surroundings 1
a: no special abilities


You were on level 3 of the Dungeon.
You visited 1 branch of the dungeon, and saw 3 of its levels.

You collected 203 gold pieces.

Inventory:

Missiles
 b - 3 throwing nets (quivered)
 c - 5 javelins
Armour
 a - a +0 hat (worn)
Jewellery
 i - a +5 ring of evasion (left tentacle)
Talismans
 e - a maw talisman
Wands
 h - a wand of flame (25)
Scrolls
 d - 2 scrolls of poison {unknown}
 f - a scroll of identify {unknown}
 g - a scroll of teleportation {unknown}
 k - a scroll of immolation {unknown}
 m - a scroll of enchant armour {unknown}
Potions
 j - 2 potions of magic {unknown}
 l - a potion of attraction {unknown}
 n - a potion of mutation
 o - a potion of brilliance {unknown}


   Skills:
 + Level 3.3 Fighting
 - Level 2.0 Throwing
 + Level 4.0 Dodging
 + Level 4.1 Unarmed Combat
 * Level 2.3 Shapeshifting


You had 5 spell levels left.
You didn't know any spells.
Your spell library contained the following spells:

 Spells                   Type           Power      Damage    Failure   Level
 Vhi's Electric Charge    Tloc/Air       0%         N/A       71%         3
 Arcjolt                  Conj/Air       0%         1d10      100%        5
 Plasma Beam              Fire/Air       0%         2x1d10    100%        6


Dungeon Overview and Level Annotations

Branches:
Dungeon (3/15)

Altars:
Makhleb
Trog


Innate Abilities, Weirdness & Mutations

You cannot wear most types of armour.
You are amphibious.
You can wear up to eight rings at the same time.
Your skin changes colour to match your surroundings (Stealth+).
Your rubbery body absorbs attacks. (AC +1, EV +1)
((You are camouflaged when in or above water. (Stealth+)))
You have tentacles for arms and can constrict up to eight enemies at once.
You have a pair of small antennae on your head.
You are partially covered in large bone plates. (SH +4)
You are strong-willed. (Will+)
You passively map a small area around you.


Message History

The scorpion misses you.
You release your grip on the scorpion.
You feel very sick. The gnoll closely misses you. The scorpion misses you.
You feel sick.
You tentacle-slap the scorpion but do no damage.
Your grab misses the scorpion.
The scorpion is moderately wounded.
You feel sick.
You bludgeon the scorpion! You grab the scorpion. You squeeze the scorpion!
You kill the scorpion!
You feel sick.
A ball python comes into view.
Your Dodging skill increases to level 4!
Your Unarmed Combat skill increases to level 4!
You have reached level 6!
You tentacle-slap the rat. Your grab misses the rat.
Your squeeze misses the rat.
The rat is severely wounded.
You feel sick. You block the rat's attack. The gnoll closely misses you.
You closely miss the rat. You grab the rat.
The rat is severely wounded.
You constrict the rat.
You kill the rat!
You feel sick. The gnoll closely misses you.
You feel sick.
You tentacle-slap the endoplasm but do no damage.
You feel sick. You block the endoplasm's attack.
You tentacle-slap the endoplasm.
The endoplasm is moderately wounded.
You feel sick.
You are no longer poisoned.
The endoplasm freezes you.
You are frozen.
* * * LOW HITPOINT WARNING * * *
The gnoll completely misses you.
You tentacle-slap the endoplasm.
You kill the endoplasm!
The gnoll hits you from afar with a +0 halberd!
You die...

* *#.g............ * ,
,##..s.........#
*##..........# *
##...†....# * ####''####
#.#).# * #.g{## *, #.###
,* #@# ##### ####
#.#####.###...# #...
#...........#.#######.##
###########)..........##
##............
#############


You could see a gnoll.

Vanquished Creatures
  A scorpion (D:3)
  Terence (D:2)
  Ijyb (D:3)
  2 gnolls (D:3)
  3 adders
  3 dart slugs
  4 worms
  7 bats
  5 endoplasms
  4 giant cockroaches
  4 goblins
  6 hobgoblins
  3 jackals (D:1)
  A quokka (D:2)
  7 ball pythons
  2 frilled lizards
  6 kobolds
  5 rats
65 creatures vanquished.

Notes
Turn   | Place    | Note
-------+----------+-------------------------------------------
     0 | D:1      | Ethylacetat the Octopode Gladiator began the quest for the
                  | Orb.
     0 | D:1      | Reached XP level 1. HP: 14/14 MP: 1/1
    88 | D:1      | Reached XP level 2. HP: 19/19 MP: 2/2
   387 | D:1      | Reached XP level 3. HP: 25/25 MP: 3/3
  1190 | D:2      | Noticed Terence
  1202 | D:2      | Gained mutation: You are dopey. (Int -2) [potion of
                  | mutation]
  1202 | D:2      | Gained mutation: You are frail. (-10% HP) [potion of
                  | mutation]
  1202 | D:2      | Gained mutation: One of your tentacles bears a spike.
                  | [potion of mutation]
  1209 | D:2      | Killed Terence
  1210 | D:2      | Reached skill level 1 in Shapeshifting
  1210 | D:2      | Reached XP level 4. HP: 7/27 MP: 4/4
  1616 | D:3      | Noticed Ijyb
  1629 | D:3      | Killed Ijyb
  1630 | D:3      | Reached XP level 5. HP: 21/32 MP: 5/5
  1631 | D:3      | Lost mutation: You are frail. (-10% HP) [potion of
                  | mutation]
  1631 | D:3      | Lost mutation: You are dopey. (Int -2) [potion of mutation]
  1631 | D:3      | Lost mutation: One of your tentacles bears a spike. [potion
                  | of mutation]
  1631 | D:3      | Gained mutation: You have a pair of small antennae on your
                  | head. [potion of mutation]
  1631 | D:3      | Gained mutation: You passively map a small area around you.
                  | [potion of mutation]
  1631 | D:3      | Gained mutation: You are partially covered in large bone
                  | plates. (SH +4) [potion of mutation]
  1631 | D:3      | Gained mutation: You are strong-willed. (Will+) [potion of
                  | mutation]
  1969 | D:3      | Found a bloodstained altar of Trog.
  1969 | D:3      | Found a burning altar of Makhleb.
  2200 | D:3      | Reached XP level 6. HP: 21/42 MP: 6/6
  2205 | D:3      | Slain by a gnoll

Illustrated notes

Levels and vault maps discovered:
D:1:      ebering_hopf_link, layout_loops_ring, hex_tiny, minmay_fountain_box
D:2:      layout_basic, uniq_terence
D:3:      kennysheep_big_flooded_room, layout_loops_ring, jmf_multi_god_temple,
          uniq_ijyb

Skill      XL: |  1  2  3  4  5 |
---------------+----------------+-----
Shapeshifting  | 1 2 |  2.3
Fighting       | 3 |  3.3
Dodging        | 4 |  4.0
Unarmed Combat | 4 |  4.1
Throwing       | |  2.0

Action                     |  1- 3 |  4- 6 || total
---------------------------+-------+-------++-------
  Melee: Unarmed           |   101 |    54 ||   155
         Constrict         |    26 |    18 ||    44
         Punch             |     2 |     2 ||     4
         Tentacles         |    19 |    14 ||    33
         Kick              |     3 |     8 ||    11
    Use: Potion            |     2 |     1 ||     3
   Stab: Sleeping          |    11 |     4 ||    15
 Armour: Skin              |    11 |     1 ||    12
  Dodge: Dodged            |    84 |    36 ||   120
  Block: Other             |       |     9 ||     9

Table legend: (Time is in decaauts)
 A = Elapsed time spent in this place.
 B = Non-inter-level travel time spent in this place.
 C = Inter-level travel time spent in this place.
 D = Time resting spent in this place.
 E = Time spent auto-exploring this place.
 F = Levels seen in this place.
 G = Mean time per level.
                   A        B        C        D        E       F      G
               +--------+--------+--------+--------+--------+-----+--------+
         Total |   2194 |   2126 |     68 |      0 |   1707 |   3 |  731.3 |
       Dungeon |   2194 |   2126 |     68 |      0 |   1707 |   3 |  731.3 |
               +--------+--------+--------+--------+--------+-----+--------+

Top non-repeatable levels by time:
     D:2: 807 daAuts
     D:1: 777 daAuts
     D:3: 609 daAuts
